 Dungeon Crawl Stone Soup version 0.28-b1-70-g80dc712255 (webtiles) character file.

Game seed: 14096160694208686641

637 krispywithak the Skirmisher (level 7, -3/55 (61) HPs)
             Began as a Minotaur Berserker on Feb 4, 2022.
             Was a Believer of Trog.
             Killed from afar by an electric eel (7 damage)
             ... with a bolt of electricity
             ... on level 5 of the Dungeon.
             The game lasted 00:13:05 (5583 turns).

krispywithak the Skirmisher (Minotaur Berserker)    Turns: 5583, Time: 00:13:05

HP:   -3/55 (61)    AC: 12    Str: 24    XL:     7   Next: 25%
MP:   6/6           EV: 11    Int:  4    God:    Trog [**....]
Gold: 127           SH:  3    Dex:  9    Spells: 6/6 levels left

rFire   . . .      SeeInvis +   d - +3 dagger (venom)
rCold   . . .      Faith    .   m - +0 buckler
rNeg    . . .      Spirit   .   D - +0 plate armour
rPois   .          Reflect  .   (helmet restricted)
rElec   .          Harm     .   E - scarf {+Inv}
rCorr   .          Rampage  .   F - +0 pair of gloves
Will    .....                   (no boots)
Stlth   ..........              (no amulet)
HPRegen 0.18/turn               u - ring of see invisible
MPRegen 0.10/turn               o - +4 ring of evasion

@: drained, very slow
A: horns 2, retaliatory headbutt
a: Renounce Religion, Evoke Invisibility, Berserk, Trog's Hand


You were on level 5 of the Dungeon.
You worshipped Trog.
Trog was pleased with you.
You visited 1 branch of the dungeon, and saw 5 of its levels.

You collected 177 gold pieces.
You spent 50 gold pieces at shops.

Inventory:

Hand Weapons
 a - a +0 hand axe
 d - a +3 dagger of venom (weapon)
 l - a +0 dagger
Missiles
 x - 26 bolts
 C - 3 atropa-tipped darts (quivered)
Armour
 b - a +0 animal skin
 j - a +0 robe
 m - a +0 buckler (worn)
 y - a +0 leather armour
 D - a +0 plate armour (worn)
 E - a scarf of invisibility (worn)
 F - a +0 pair of gloves (worn)
Jewellery
 o - a +4 ring of evasion (right hand)
 u - a ring of see invisible (left hand)
Wands
 B - a wand of digging (4)
 G - a wand of flame (17)
Scrolls
 g - 6 scrolls of identify {unknown}
 i - a scroll of amnesia {unknown}
 n - 3 scrolls of fog {unknown}
 p - a scroll of enchant armour {unknown}
 q - a scroll of brand weapon {unknown}
 r - 4 scrolls of teleportation {unknown}
 s - a scroll of noise {unknown}
 v - a scroll of enchant weapon {unknown}
 w - a scroll of magic mapping {unknown}
 z - 2 scrolls of fear {unknown}
Potions
 c - 2 potions of curing {unknown}
 e - a potion of resistance {unknown}
 f - 2 potions of attraction {unknown}
 h - 2 potions of haste {unknown}
 k - 2 potions of flight {unknown}
 t - a potion of berserk rage {unknown}
 A - 2 potions of degeneration {unknown}


   Skills:
 + Level 5.5 Fighting
 + Level 4.5 Short Blades
 + Level 4.4 Axes
 + Level 3.8 Armour
 + Level 4.1 Dodging
 + Level 2.0 Stealth
 + Level 1.4 Shields


You had 6 spell levels left.
You didn't know any spells.
Your spell library contained the following spells:

 Spells                   Type           Power      Damage    Failure   Level
 Ignite Poison            Fire/Tmut/Pois 0%         N/A       100%        3
 Mephitic Cloud           Conj/Pois/Air  0%         N/A       100%        3
 Stone Arrow              Conj/Erth      0%         3d7       100%        3
 Animate Armour           Summ/Erth      0%         N/A       100%        4
 Freezing Cloud           Conj/Ice/Air   0%         6-21      100%        5
 Lehudib's Crystal Spear  Conj/Erth      0%         10d2      100%        8


Dungeon Overview and Level Annotations

Branches:
Dungeon (5/15)
 Temple: D:4-7

Altars:
Elyvilon
Sif Muna
Uskayaw
Xom

Shops:
D:2 [

Annotations:
D:5 1 transporter


Innate Abilities, Weirdness & Mutations

You have a pair of horns on your head.
You reflexively headbutt those who attack you in melee.


Message History

There is a transporter landing site here.
You can't go down here!
You can't go up here!
There are no items here.
Unknown command.
There is a transporter landing site here.
Sorry, I don't know how to get there.
Found a hunting sling.
There is a transporter here.
You enter the transporter and appear at another place.
G - a wand of flame (17)
You open the door.
The electric eel shoots out a bolt of lightning at you!
The bolt of electricity hits you.
You start resting.
HP restored.
You start waiting.
Done waiting.
The electric eel shoots out a bolt of lightning at you!
The bolt of electricity hits you.
The electric eel shoots out a bolt of lightning at you!
The bolt of electricity hits you! x2
There is an open door here.
The electric eel shoots out a bolt of lightning at you!
The bolt of electricity hits you!
You enter the shallow water.
Moving in this stuff is going to be slow.
The electric eel shoots out a bolt of lightning at you!
The bolt of electricity hits the electric eel.
The electric eel completely resists.
The bolt of electricity hits you!
The electric eel shoots out a bolt of lightning at you!
The bolt of electricity hits you.
* * * LOW HITPOINT WARNING * * *
The bolt of electricity hits the plant!
The plant begins to die.
The bolt of electricity hits the plant!
The bolt of electricity hits you!
* * * LOW HITPOINT WARNING * * *
You feel drained.
You fail to use your ability.
The electric eel shoots out a bolt of lightning at you!
The bolt of electricity hits you!
You die...

#.##.#######.#
#....#8.©.8#.#
####.#P.?.P#.#
#(###+###.# #.#≈≈≈≈≈#.#
#####.#≈PP≈≈#.#
####.....#≈≈≈≈≈#.#
#......#.#≈≈⌠≈≈#.#
#.##.#.#.#≈P@SS#.#
#.##.#.#.#≈...≈#.### ###
#.#......#≈...≈#...#
...##.#......###'###.#.#
#
........##.#.#P...P#.#.#
# ......####.#.#8.©.8#.#
# #
#.##..>....#.#######.# #
#.##.#######....©....#.
# #.##.# #......####.


You could see 2 electric eels.

Vanquished Creatures
  A necrophage (D:3)
  2 scorpions
  3 crimson imps (D:3)
  2 centaur skeletons
  An orc priest (D:4)
  An iguana (D:4)
  Natasha (thrice) (D:3)
  An orc wizard (D:3)
  A howler monkey skeleton (D:5)
  2 adders
  5 worms
  3 dart slugs
  5 orcs
  5 bats
  4 endoplasms
  7 hobgoblins
  4 jackals (D:3)
  3 kobolds (D:2)
  2 quokkas
  11 ball pythons
  3 frilled lizards
  10 goblins
  5 rats
84 creatures vanquished.

Notes
Turn   | Place    | Note
-------+----------+-------------------------------------------
     0 | D:1      | krispywithak the Minotaur Berserker began the quest for the
                  | Orb.
     0 | D:1      | Reached XP level 1. HP: 19/19 MP: 0/0
   535 | D:1      | Reached XP level 2. HP: 23/27 MP: 1/1
   585 | D:1      | Reached skill level 4 in Fighting
  1219 | D:2      | Reached XP level 3. HP: 33/33 MP: 2/2
  1571 | D:2      | Reached skill level 1 in Short Blades
  1668 | D:2      | Reached ** piety under Trog
  1779 | D:2      | Found a faded altar of an unknown god.
  1948 | D:2      | Found Ylomil's Antique Armour Shop.
  2223 | D:3      | Reached XP level 4. HP: 37/41 MP: 3/3
  2386 | D:3      | Noticed Natasha
  2390 | D:3      | Killed Natasha
  2480 | D:3      | Noticed Natasha
  2515 | D:3      | Killed Natasha
  2688 | D:2      | Bought a leather armour for 50 gold pieces
  2797 | D:3      | Reached XP level 5. HP: 30/47 MP: 4/4
  3002 | D:3      | Noticed a necrophage
  3016 | D:3      | Killed a necrophage
  3017 | D:3      | Reached skill level 1 in Stealth
  3070 | D:3      | Noticed Natasha
  3085 | D:3      | Killed Natasha
  3086 | D:3      | Reached skill level 5 in Fighting
  3086 | D:3      | Reached XP level 6. HP: 16/56 MP: 5/5
  3409 | D:3      | Found a shimmering altar of Xom.
  3423 | D:3      | Reached skill level 1 in Shields
  3769 | D:4      | Noticed a +0 dagger
  3771 | D:4      | Noticed a +0 dagger
  3773 | D:4      | Found a hide-covered altar of Uskayaw.
  3893 | D:4      | Reached XP level 7. HP: 5/61 MP: 6/6
  4596 | D:4      | Found a shimmering blue altar of Sif Muna.
  4714 | D:4      | Found a white marble altar of Elyvilon.
  5214 | D:5      | Entered Level 5 of the Dungeon
  5407 | D:5      | Found a transporter.
  5414 | D:5      | Found a transporter.
  5583 | D:5      | Killed from afar by an electric eel

Illustrated notes

Levels and vault maps discovered:
D:1:      heliophobic_arrival_ceremonial_halls, layout_basic
D:2:      layout_loops_ring, chequers_ecumenical_altar_lobes, serial_shops,
          shop_fountains
D:3:      layout_basic, led_xom_imps, minivault_11, uniq_natasha
D:4:      layout_basic, mainiacjoe_overflow_brackets, kennysheep_mini,
          dancing_weapons_uskayaw
D:5:      gammafunk_steamed_eel, layout_loops_corners,
          lemuel_zombie_altar_yredelemnul, hangedman_abyss_or_decor_stabs

Skill      XL: |  1  2  3  4  5  6  7 |
---------------+----------------------+-----
Fighting       | 4 5 |  5.5
Axes           | 4 |  4.4
Short Blades   | 1 2 3 4 |  4.5
Dodging        | 3 4 |  4.1
Armour         | 3 |  3.8
Stealth        | 1 2 |  2.0
Shields        | 1 |  1.4

Action                   |  1- 3 |  4- 6 |  7- 9 || total
-------------------------+-------+-------+-------++-------
Melee: Dagger            |    71 |    93 |    18 ||   182
       Headbutt          |    12 |    14 |     4 ||    30
Invok: Trog's Hand       |       |     2 |       ||     2
       Berserk           |       |     1 |       ||     1
 Stab: Sleeping          |     1 |       |       ||     1
Armor: Animal skin       |     4 |       |       ||     4
       Robe              |    13 |       |       ||    13
       Leather armour    |       |     4 |       ||     4
       Plate armour      |       |     7 |    10 ||    17
Dodge: Dodged            |    46 |    62 |     9 ||   117
Block: Buckler           |     6 |    14 |       ||    20
